 Dungeon Crawl Stone Soup version 0.31-a0-851-g7ff8af7976 (webtiles) character file.

Game seed: 14711484193514181582

2 Kurtz the Sneak (level 1, -1/18 HPs)
             Began as a Mummy Delver on Oct 6, 2023.
             Slain by an adder (4 damage)
             ... on level 4 of the Dungeon.
             The game lasted 00:00:14 (91 turns).

Kurtz the Sneak (Mummy Delver)                        Turns: 91, Time: 00:00:14

Health: -1/18      AC:  3    Str: 15    XL:     1   Next: 33%
Magic:  1/1        EV: 11    Int:  9    God:
Gold:   0          SH:  0    Dex: 13    Spells: 0/0 levels left

rFire   x . .        a - +0 hand axe
rCold   + . .        (no shield)
rNeg    + + +        b - +0 leather armour
rPois   ∞            (no helmet)
rElec   .            (no cloak)
rCorr   .            (no gloves)
SInv    .            (no boots)
Will    .....        (no amulet)
Stlth   ++           (no ring)
HPRegen 0.23/turn    (no ring)
MPRegen 0.07/turn

%: faith
@: no status effects
A: cold resistance 1, negative energy resistance 3, torment resistance 2, heat
vulnerability 1, in touch with death 1, no potions, faith
a: no special abilities


You were on level 4 of the Dungeon.
You visited 1 branch of the dungeon, and saw 3 of its levels.

Inventory:

Hand Weapons
 a - a +0 hand axe (weapon)
Armour
 b - a +0 leather armour (worn)
Jewellery
 g - a ring of protection from fire
Wands
 f - a wand of digging (3)
Scrolls
 c - a scroll of fog
 d - a scroll of revelation
 e - a scroll of fear


   Skills:
 - Level 3.0 Fighting
 * Level 1.8 Axes
 - Level 1.5 Dodging
 - Level 4.1 Stealth


You couldn't memorise any spells.
You didn't know any spells.
Your spell library was empty.

Dungeon Overview and Level Annotations

Branches:
Dungeon (5/15)
 Temple: D:4-7

Altars:


Innate Abilities, Weirdness & Mutations

You are immune to poison.
Your flesh is cold resistant. (rC+)
You are immune to negative energy. (rN+++)
You are immune to unholy pain and torment.
You are vulnerable to heat. (rF-)
You are in touch with the powers of death.
You do not drink.
You have a special connection with the divine. (Faith)


Message History

You are too injured to fight recklessly!
You hit the adder.
The adder is heavily wounded.
The adder bites you.
Unknown command.
You are too injured to fight recklessly!
You barely miss the adder.
The adder is heavily wounded.
You barely miss the adder.
The endoplasm quivers.
The adder bites you but does no damage. The adder barely misses you.
The adder bites you. The adder barely misses you.
Unknown command.
You are too injured to fight recklessly!
You closely miss the adder.
The adder is heavily wounded.
You closely miss the adder. The adder closely misses you.
The adder bites you but does no damage.
Unknown command.
You are too injured to fight recklessly!
You closely miss the adder.
The adder is heavily wounded.
You hit the endoplasm. You barely miss the adder. The adder barely misses you.
The adder bites you. The endoplasm freezes you.
You are frozen.
You resist. The adder closely misses you. The adder barely misses you.
You are too injured to fight recklessly!
You hit the adder.
The adder is lightly wounded.
You hit the adder but do no damage. You hit the endoplasm.
You kill the endoplasm!
The adder bites you. The adder barely misses you. The adder closely misses you.
You are too injured to fight recklessly!
You hit the adder.
The adder is severely wounded.
You hit the adder. The adder misses you. The adder bites you.
* * * LOW HITPOINT WARNING * * *
The adder bites you.
You die...

.........##
##......... #
#....!..$.#.#
#............
#..............## ..
#.........# .... .#
#....SS...## .... l.
. #...@.....#
..##.##. #...........
........
#..........###.......
#....................
#..........# #.#l....
#..........###.......
#........#..#........
#........#..#........
#..<......#.


You could see 2 adders.

Vanquished Creatures
  2 endoplasms (D:4)
2 creatures vanquished.

Notes
Turn   | Place    | Note
-------+----------+-------------------------------------------
     0 | D:5      | Kurtz the Mummy Delver began the quest for the Orb.
     0 | D:5      | Reached XP level 1. HP: 18/18 MP: 1/1
    45 | D:5      | Noticed an ogre
    50 | D:5      | Noticed a jelly
    70 | D:4      | Noticed an iguana
    77 | D:3      | Noticed an orc priest
    77 | D:3      | Noticed an orc wizard
    91 | D:4      | Slain by an adder

Illustrated notes

Levels and vault maps discovered:
D:3:      layout_basic, lemuel_crystal_altar, nicolae_overflow_hidden_temple
D:4:      layout_rooms, kennysheep_little_box, uniq_natasha, uniq_grinder,
          uniq_menkaure, uniq_crazy_yiuf_cottage
D:5:      layout_rooms, kennysheep_mini, serial_rivers,
          chequers_serial_rivers_small_b, chequers_serial_rivers_micro_e,
          chequers_serial_rivers_room_a, chequers_serial_rivers_small_a,
          minmay_manual_macuahuitl, uniq_eustachio

Action                     || total
---------------------------++-------
  Melee: Hand axe          ||    10
 Armour: Leather armour    ||    13
  Dodge: Dodged            ||    14

Table legend: (Time is in decaauts)
 A = Elapsed time spent in this place.
 B = Non-inter-level travel time spent in this place.
 C = Inter-level travel time spent in this place.
 D = Time resting spent in this place.
 E = Time spent auto-exploring this place.
 F = Levels seen in this place.
 G = Mean time per level.
                   A        B        C        D        E       F      G
               +--------+--------+--------+--------+--------+-----+--------+
         Total |     92 |     92 |      0 |      0 |     54 |   3 |   30.7 |
       Dungeon |     92 |     92 |      0 |      0 |     54 |   3 |   30.7 |
               +--------+--------+--------+--------+--------+-----+--------+

Top non-repeatable levels by time:
     D:5: 57 daAuts
     D:4: 31 daAuts
     D:3: 3 daAuts
